 Dungeon Crawl Stone Soup version 0.19.1-1-g22dce08 (webtiles) character file.

1037 Naksu the Carver (level 8, -3/71 HPs)
             Began as a Minotaur Berserker on Jan 21, 2017.
             Was a Follower of the Shining One.
             Slain by Duvessa
             ... wielding a +0 short sword
              (10 damage)
             ... on level 4 of the Dungeon.
             The game lasted 00:10:52 (2007 turns).

Naksu the Carver (Minotaur Berserker)               Turns: 2007, Time: 00:10:53

Health: -3/71      AC:  9    Str: 24    XL:     8   Next: 4%
Magic:  7/7        EV:  9    Int:  4    God:    the Shining One [*.....]
Gold:   148        SH:  0    Dex: 10    Spells: 0 memorised, 7 levels left

rFire  . . .     SeeInvis .     h - +0 long sword
rCold  . . .     Gourm    .     r - +0 chain mail
rNeg   . . .     Faith    .     (no shield)
rPois  .         Spirit   .     (helmet restricted)
rElec  .         Reflect  .     (no cloak)
rCorr  .         Harm     .     (no gloves)
MR     .....                    (no boots)
Stlth  ..........               (no amulet)
                                (no ring)
                                (no ring)

@: glowing
A: retaliatory headbutt, horns 2
a: Renounce Religion


You were on level 4 of the Dungeon.
You worshipped the Shining One.
The Shining One was aware of your devotion.
You were not hungry.

You visited 1 branch of the dungeon, and saw 4 of its levels.

You collected 148 gold pieces.

Inventory:

Hand Weapons
 a - a +0 falchion
 e - a +3 scythe
 h - a +0 long sword (weapon)
Armour
 l - a +0 leather armour
 n - a +0 ring mail
 r - a +0 chain mail (worn)
Magical Staves
 s - an uncursed staff of fire (quivered)
Jewellery
 d - an uncursed ring of teleportation
Scrolls
 b - a scroll of noise {unknown}
 g - a scroll of blinking {unknown}
 i - 2 scrolls of enchant weapon
 k - 3 scrolls of identify
 o - a scroll of amnesia {unknown}
 p - 2 scrolls of recharging {unknown}
 q - 2 scrolls of remove curse
Comestibles
 c - 2 bread rations
 f - 5 meat rations
 t - 2 slices of pizza


   Skills:
 + Level 6.5 Fighting
 + Level 8.8 Long Blades
 + Level 5.2 Armour
 + Level 3.4 Dodging
 + Level 0.3 Stealth


You had 7 spell levels left.
You didn't know any spells.

Dungeon Overview and Level Annotations

Branches:
Dungeon (4/15)
 Temple: D:4-7

Altars:
The Shining One

Annotations:
D:4 Duvessa


Innate Abilities, Weirdness & Mutations

You reflexively headbutt those who attack you in melee.
You have a pair of horns on your head.


Message History

Duvessa is heavily wounded.
Your chain mail prevents you from hitting Duvessa.
Duvessa is heavily wounded.
Duvessa hits you with a short sword!
You hit Duvessa.
Duvessa is heavily wounded.
Duvessa hits you with a short sword. Duvessa closely misses you.
You slash Duvessa!
Duvessa is severely wounded.
Duvessa hits you but does no damage.
Your chain mail prevents you from hitting Duvessa.
Your headbutt misses Duvessa.
Duvessa is severely wounded.
Duvessa hits you with a short sword. Duvessa hits you with a short sword!
* * * LOW HITPOINT WARNING * * *
It was a potion of curing.
You feel better. Duvessa hits you with a short sword.
Duvessa hits you with a short sword!
* * * LOW HITPOINT WARNING * * *
Duvessa hits you with a short sword!
You die...

############
#.........†.
#.########## #.#
#############.#
##.............# #
#......<@...#........
.
#......e###>#.#######
# #...###...)......
.## #.. ####.......
... #....... .##
#.......# ........#
....... .......


You could see Duvessa (berserk).

Vanquished Creatures
  Pikel (D:4)
  Grinder (D:4)
  Sigmund (D:3)
  Dowan (D:4)
  A hound (D:4)
  A bullfrog skeleton (D:4)
  An orc wizard (D:3)
  A gnoll (D:1)
  3 adders
  3 oozes
  A dart slug (D:1)
  2 leopard geckos
  10 orcs (D:3)
  10 bats
  5 giant cockroaches
  7 goblins
  11 hobgoblins
  3 kobolds
  A quokka (D:2)
  A ball python (D:3)
  2 frilled lizards
  7 rats
74 creatures vanquished.

Vanquished Creatures (others)
  An ogre (D:4)
  A leopard gecko (D:4)
2 creatures vanquished.

Grand Total: 76 creatures vanquished

Notes
Turn   | Place    | Note
-------+----------+-------------------------------------------
     0 | D:1      | Naksu the Minotaur Berserker began the quest for the Orb.
     0 | D:1      | Reached XP level 1. HP: 19/19 MP: 0/0
     8 | D:1      | Noticed a centaur
   153 | D:1      | Reached skill level 4 in Long Blades
   187 | D:1      | Reached XP level 2. HP: 26/27 MP: 1/1
   286 | D:1      | Reached XP level 3. HP: 31/33 MP: 2/2
   574 | D:2      | Reached ** piety under Trog
   889 | D:2      | Reached XP level 4. HP: 39/41 MP: 3/3
   891 | D:2      | Found a faded altar of an unknown god.
   901 | D:2      | Fell from the grace of Trog
   901 | D:2      | Became a worshipper of the Shining One
   901 | D:2      | Reached * piety under the Shining One
  1159 | D:3      | Reached skill level 5 in Long Blades
  1451 | D:3      | Noticed Sigmund
  1514 | D:3      | Killed Sigmund
  1514 | D:3      | Reached skill level 5 in Fighting
  1514 | D:3      | Reached skill level 6 in Long Blades
  1514 | D:3      | Reached XP level 5. HP: 28/48 MP: 4/4
  1636 | D:3      | Reached XP level 6. HP: 53/56 MP: 5/5
  1742 | D:3      | You fall through a shaft!
  1742 | D:4      | Noticed Grinder
  1742 | D:4      | Noticed Pikel
  1742 | D:4      | Noticed a slave
  1742 | D:4      | Noticed a slave
  1744 | D:4      | Noticed a slave
  1744 | D:4      | Noticed a slave
  1761 | D:4      | Killed Pikel
  1761 | D:4      | Reached skill level 7 in Long Blades
  1761 | D:4      | Reached XP level 7. HP: 32/63 MP: 6/6
  1763 | D:4      | Reached skill level 8 in Long Blades
  1770 | D:4      | Paralysed by Grinder for 2 turns
  1779 | D:4      | Killed Grinder
  1779 | D:4      | Reached skill level 5 in Armour
  1988 | D:4      | Noticed Dowan
  1992 | D:4      | Noticed Duvessa
  1996 | D:4      | Killed Dowan
  1996 | D:4      | Reached XP level 8. HP: 64/71 MP: 7/7
  2007 | D:4      | Slain by Duvessa

Skill      XL: |  1  2  3  4  5  6  7 |
---------------+----------------------+-----
Long Blades    | 4 6 7 8 |  8.8
Fighting       | 4 5 6 |  6.5
Armour         | 3 4 5 |  5.2
Dodging        | 3 |  3.4
Stealth        | |  0.3

Action                   |  1- 3 |  4- 6 |  7- 9 || total
-------------------------+-------+-------+-------++-------
Melee: Falchion          |    35 |       |       ||    35
       Headbutt          |    11 |    13 |     5 ||    29
       Long sword        |    16 |    69 |    29 ||   114
  Use: Scroll            |     2 |     1 |       ||     3
       Potion            |       |     3 |     1 ||     4
  Eat: Bread ration      |       |     1 |       ||     1
       Pizza             |       |     1 |       ||     1
Armor: Animal skin       |     4 |       |       ||     4
       Ring mail         |    14 |       |       ||    14
       Skin              |       |    24 |       ||    24
       Chain mail        |       |    27 |    10 ||    37
Dodge: Dodged            |    37 |    32 |    10 ||    79
       Rpst.: Falchion   |     7 |       |       ||     7
       Long sword        |     3 |     8 |     6 ||    17
